 Dungeon Crawl Stone Soup version 0.30-a0-600-gb7c8574cbb (webtiles) character file.

Game seed: 1262761494271831895

54 M4edhros the Charlatan (level 3, -5/23 HPs)
             Began as an Octopode Artificer on Jan 7, 2023.
             Slain by a gnoll
             ... wielding a +0 spear
              (9 damage)
             ... on level 4 of the Dungeon.
             The game lasted 00:01:20 (612 turns).

M4edhros the Charlatan (Octopode Artificer)          Turns: 612, Time: 00:01:21

Health: -5/23      AC:  1    Str: 11    XL:     3   Next: 91%
Magic:  3/3        EV: 13    Int: 13    God:
Gold:   61         SH:  3    Dex: 14    Spells: 2/2 levels left

rFire   . . .      SeeInvis .      - Unarmed
rCold   . . .      Faith    .    g - +0 buckler
rNeg    . . .      Spirit   .    (helmet restricted)
rPois   .          Reflect  .    (no amulet)
rElec   .          Harm     .    (no ring)
rCorr   .          Rampage  .    (no ring)
Will    .....                    (no ring)
Stlth   +++                      (no ring)
HPRegen 0.23/turn                (no ring)
MPRegen 0.08/turn                (no ring)
                                 (no ring)
                                 (no ring)

@: no status effects
A: almost no armour, amphibious, 8 rings, camouflage 1, gelatinous body 1,
(nimble swimmer 1), tentacles
a: no special abilities


You were on level 4 of the Dungeon.
You visited 1 branch of the dungeon, and saw 4 of its levels.

You collected 61 gold pieces.

Inventory:

Armour
 g - a +0 buckler (worn)
Wands
 b - a wand of flame (10) (quivered)
 c - a wand of charming (11)
 d - a wand of iceblast (4)
 f - a wand of digging (5)
Scrolls
 e - a scroll of fog {unknown}
 i - 2 scrolls of poison {unknown}
 j - a scroll of vulnerability {unknown}
 k - a scroll of identify {unknown}
 m - 2 scrolls of blinking {unknown}
 o - a scroll of brand weapon {unknown}
 p - a scroll of magic mapping {unknown}
Potions
 a - 2 potions of might {unknown}
 h - a potion of heal wounds {unknown}
 l - a potion of mutation {unknown}
 n - a potion of cancellation {unknown}


   Skills:
 + Level 1.6 Fighting
 + Level 2.7 Dodging
 + Level 2.4 Stealth
 * Level 1.8 Unarmed Combat
 + Level 3.6 Evocations


You had 2 spell levels left.
You didn't know any spells.
Your spell library was empty.

Dungeon Overview and Level Annotations

Branches:
Dungeon (4/15)
 Temple: D:4-7

Altars:


Innate Abilities, Weirdness & Mutations

You cannot wear most types of armour.
You are amphibious.
You can wear up to eight rings at the same time.
Your skin changes colour to match your surroundings (Stealth+).
Your rubbery body absorbs attacks. (AC +1, EV +1)
((You are camouflaged when in or above water. (Stealth+)))
You have tentacles for arms and can constrict up to eight enemies at once.


Message History

Press: ? - help, Shift-Dir - straight line, f - gnoll
Aim: a gnoll, wielding a +0 club (chance to affect: 67%)
The gnoll struggles to resist.
The gnoll hits you from afar with a +0 spear.
The gnoll hits you with a +0 club!
* * * LOW HITPOINT WARNING * * *
Okay, then.
Aiming: Charm
Press: ? - help, Shift-Dir - straight line, f/p - gnoll
Aim: a gnoll, wielding a +0 club (chance to affect: 67%)
The gnoll is charmed.
The gnoll misses you.
The gnoll hits your gnoll with a +0 club.
The gnoll hits your gnoll with a +0 spear!
What are your orders? t - Shout!
Orders for allies: a - Attack new target. p - Attack previous target. r - Retreat! s - Stop attacking. g - Guard the area. f - Follow me.
Anything else - Cancel.
Guard this area!
Your gnoll hits the gnoll with a +0 club.
The gnoll hits your gnoll with a +0 club.
Your gnoll dies!
Aiming: Iceblast
Press: ? - help, Shift-Dir - straight line, f - gnoll
Aim: a gnoll, wielding a +0 club (heavily wounded)
The mass of ice explodes!
The iceblast engulfs the gnoll.
The gnoll is almost dead.
The iceblast engulfs the gnoll.
The gnoll is lightly wounded.
You hear a shout!
You hear an angry hiss.
Okay, then.
Okay, then.
Aiming: Throw Flame
Press: ? - help, Shift-Dir - straight line, f/p - gnoll
Aim: a gnoll, wielding a +0 club (almost dead, 75% to hit)
The puff of flame hits the gnoll.
You kill the gnoll!
The gnoll hits you from afar with a +0 spear!
You die...

..##..###...######.....##......##
..#....###..##.........#........#
.....### #.##.....##............#
#.....# ##..........#....#......#
#.......#...##......#....##....##
##.#...##.#.####################
...#...#..#.............
...#...#. #.####.####.# #..##.###
#.# +@+ ..## .. #.# #)# #.# #g#
#.. ... #.# ##.#+ #. #.# #.# #.#
...


You could see a gnoll.

Vanquished Creatures
  An orc priest (D:3)
  A gnoll (D:4)
  An adder (D:4)
  A worm (D:2)
  A giant cockroach (D:1)
  2 goblins (D:2)
  A hobgoblin (D:3)
  A kobold (D:2)
  A quokka (D:2)
  A ball python (D:2)
  A rat (D:2)
12 creatures vanquished.

Vanquished Creatures (collateral kills)
  3 orcs (D:3)
  A frilled lizard (D:3)
4 creatures vanquished.

Vanquished Creatures (others)
  A gnoll (D:4)
  2 plants (D:4)
3 creatures vanquished.

Grand Total: 19 creatures vanquished

Notes
Turn   | Place    | Note
-------+----------+-------------------------------------------
     0 | D:1      | M4edhros the Octopode Artificer began the quest for the
                  | Orb.
     0 | D:1      | Reached XP level 1. HP: 13/13 MP: 1/1
    66 | D:1      | You fall into a shaft and drop 1 floor!
   249 | D:2      | Reached XP level 2. HP: 5/18 MP: 2/2
   415 | D:3      | Reached skill level 1 in Unarmed Combat
   449 | D:3      | Reached XP level 3. HP: 20/23 MP: 3/3
   612 | D:4      | Slain by a gnoll

Illustrated notes

Levels and vault maps discovered:
D:1:      dpeg_arrival_rooms_b, layout_loops_ring,
          hellmonk_ecumenical_altar_crossroads, chequers_serial_rivers_micro_c
D:2:      layout_loops_cross, dk_noncrumbling_2, minmay_misc_feat_five
D:3:      layout_basic
D:4:      minmay_door_path, layout_cave_pools,
          grunt_temple_overflow_gold_and_silver,
          mainiacjoe_overflow_surrounded_room, serial_bayou,
          serial_bayou_ford_a, serial_bayou_pond_c, serial_bayou_lagoon_b

Skill      XL: |  1  2 |
---------------+-------+-----
Unarmed Combat | 1 |  1.8
Stealth        | 2 |  2.4
Fighting       | |  1.6
Dodging        | |  2.7
Evocations     | |  3.6

Action                   || total
-------------------------++-------
Melee: Unarmed           ||    23
       Tentacles         ||     8
       Constrict         ||     7
Evoke: Wand              ||    10
 Stab: Sleeping          ||     1
Armor: Skin              ||     2
Dodge: Dodged            ||    14
Block: Buckler           ||     1

Table legend: (Time is in decaauts)
 A = Elapsed time spent in this place.
 B = Non-inter-level travel time spent in this place.
 C = Inter-level travel time spent in this place.
 D = Time resting spent in this place.
 E = Time spent auto-exploring this place.
 F = Levels seen in this place.
 G = Mean time per level.
                   A        B        C        D        E       F      G
               +--------+--------+--------+--------+--------+-----+--------+
         Total |    612 |    580 |     32 |     65 |    364 |   4 |  153.0 |
       Dungeon |    612 |    580 |     32 |     65 |    364 |   4 |  153.0 |
               +--------+--------+--------+--------+--------+-----+--------+

Top non-repeatable levels by time:
     D:2: 307 daAuts
     D:3: 162 daAuts
     D:4: 76 daAuts
     D:1: 66 daAuts
